 Dungeon Crawl Stone Soup version 0.17-a0-1923-gc35365e (webtiles) character file.

83 graki42 the Firebug (level 4, -1/30 HPs)
             Began as a Demonspawn Fire Elementalist on Sept 28, 2015.
             Slain by Sigmund
             ... wielding a +0 scythe
              (12 damage)
             ... on level 3 of the Dungeon.
             The game lasted 00:08:49 (1957 turns).

graki42 the Firebug (Demonspawn Fire Elementalist)  Turns: 1957, Time: 00:08:49

Health: -1/30      AC:  6    Str:  8    XL:     4   Next: 22%
Magic:  16/17      EV: 12    Int: 17    God:
Gold:   207        SH:  0    Dex: 14    Spells: 3 memorised, 1 level left

rFire  . . .     SeeInvis .     s - -3 mace (curse)
rCold  . . .     Clarity  .     a - +0 robe
rNeg   . . .     SustAt   .     (no shield)
rPois  .         Gourm    .     (no helmet)
rElec  .         Spirit   .     n - +0 cloak
rCorr  .         Warding  .     (no gloves)
rMut   .         Stasis   .     (no boots)
MR     .....                    (no amulet)
Stlth  +.........               e - ring of flight
                                d - ring of magical power

@: confused, not resistant to hostile enchantments, very unstealthy
A: large bone plates 2
a: Evoke Flight


You were on level 3 of the Dungeon.
You were very hungry.

You visited 1 branch of the dungeon, and saw 3 of its levels.

You collected 207 gold pieces.

Inventory:

Hand weapons
 s - a cursed -3 mace (weapon)
Armour
 a - a +0 robe (worn)
 n - a +0 cloak (worn)
Jewellery
 d - a ring of magical power (left hand)
 e - a ring of flight (right hand)
 t - a cursed +2 ring of intelligence {unknown}
Magical devices
 q - a wand of flame (13)
Scrolls
 f - 2 scrolls of identify {unknown}
 o - a scroll of teleportation {unknown}
 p - a scroll of remove curse {unknown}
 r - a scroll of amnesia {unknown}
 v - a scroll of enchant armour {unknown}
Potions
 g - 2 potions of degeneration {unknown}
 i - a potion of agility {unknown}
 j - 2 potions of lignification {unknown}
 k - a potion of haste {unknown}
 u - a potion of heal wounds {unknown}
 w - a potion of mutation {unknown}
Books
 b - a book of Flames

   Spells                             Type                      Level
   a - Flame Tongue                   Conjuration/Fire             1
   b - Throw Flame                    Conjuration/Fire             2
   c - Conjure Flame                  Conjuration/Fire             3
   d - Inner Flame                    Hexes/Fire                   3
   e - Sticky Flame                   Conjuration/Fire             4
   f - Fireball                       Conjuration/Fire             5
Comestibles
 c - 2 bread rations
 h - 7 fruits
 l - a beef jerky
 m - a meat ration


   Skills:
 + Level 2.1 Dodging
 + Level 1.9 Stealth
 + Level 2.6 Spellcasting
 + Level 2.2 Conjurations
 + Level 3.4 Fire Magic


You had one spell level left.
You knew the following spells:

 Your Spells              Type           Power        Failure   Level  Hunger
a - Flame Tongue          Conj/Fire      ##...        6%          1    #......
b - Conjure Flame         Conj/Fire      ##......     17%         3    ###....
c - Inner Flame           Hex/Fire       #.......     30%         3    ###....


Dungeon Overview and Level Annotations

Branches:
Dungeon (3/15)

Altars:
Fedhas

Annotations:
D:3 Sigmund


Innate Abilities, Weirdness & Mutations

You are mostly covered in large bone plates (AC +3, SH +3).


Message History

You're too confused to move!
Sigmund gestures at you while chanting. The magic dart hits you!
You bump into the rock wall.
Sigmund casts a spell at you.
You are more confused.
You bump into the rock wall.
You bump into the rock wall.
You bump into the rock wall.
Sigmund casts a spell at you. The puff of flame hits you!
You bump into the rock wall.
Sigmund barely misses you.
You bump into the rock wall.
You're too confused to cast spells.
Sigmund barely misses you.
You bump into the rock wall.
Sigmund barely misses you.
You barely miss Sigmund. Sigmund misses you.
You bump into the rock wall.
You're too confused to move!
Sigmund hits you with a scythe!
You die...

#####.# #.###.....
#...#.####......###
#
#%.........###...##
#.#...#.####.#
#....# #.......#
#.###...##
####.#### #......##
#.# ######.# #@#
#.# #@# #'##
####.#### ##...##
#.......# ##.....#
#.#####.##
##....... #.#
#..####........ #.#
#.....'........ #.#
#..####........
#.#####..#
##.......
#........###
##.....#


You could see Sigmund.

Vanquished Creatures
  3 adders (D:3)
  An ooze (D:1)
  A worm (D:2)
  2 giant geckos
  2 orcs (D:3)
  9 bats
  5 goblins
  3 hobgoblins (D:2)
  3 jackals (D:3)
  A quokka (D:3)
  3 giant newts
  7 kobolds
  4 rats
44 creatures vanquished.

Notes
Turn   | Place    | Note
--------------------------------------------------------------
     0 | D:1      | graki42 the Demonspawn Fire Elementalist began the quest for the Orb.
     0 | D:1      | Reached XP level 1. HP: 13/13 MP: 3/3
   301 | D:1      | Reached skill level 3 in Fire Magic
   301 | D:1      | Gained mutation: You are partially covered in large bone plates (AC +2, SH +2). [demonic ancestry]
   301 | D:1      | Reached XP level 2. HP: 19/19 MP: 5/5
   873 | D:2      | Reached XP level 3. HP: 24/24 MP: 6/6
   880 | D:2      | Found a blossoming altar of Fedhas.
  1279 | D:3      | Learned a level 3 spell: Conjure Flame
  1559 | D:3      | Learned a level 3 spell: Inner Flame
  1717 | D:3      | Gained mutation: You are mostly covered in large bone plates (AC +3, SH +3). [demonic ancestry]
  1717 | D:3      | Reached XP level 4. HP: 28/30 MP: 7/7
  1842 | D:3      | Noticed Sigmund
  1957 | D:3      | Slain by Sigmund

Vault maps used:
D:1:      onia_arrival_pentagram
D:2:      lemuel_doored_altar, first_bread
D:3:      grunt_temple_overflow_order_and_chaos_1, uniq_sigmund

Action                   |  1- 3 |  4- 6 || total
-------------------------+-------+-------++-------
Melee: Mace              |       |     1 ||     1
 Cast: Flame Tongue      |    82 |     8 ||    90
       Conjure Flame     |       |     1 ||     1
  Eat: Chunk             |     3 |       ||     3
